[Event "*** Titled Tuesday Blitz"]
[Site "Chess.com"]
[Date "2020.11.10"]
[Round "11"]
[White "emiliochess"]
[Black "Makswolf200817"]
[Result "1-0"]
[WhiteElo "2319"]
[BlackElo "2437"]
[TimeControl "180+1"]
[EndTime "12:09:59 PST"]
[Termination "emiliochess won by resignation"]

1. d4 d5 2. Bf4 h5 3. h3 Nf6 4.
e3 e6 5. c4 Be7 6. Nc3 O-O 7.
Nf3 Nbd7 8. Ne5 a6 9. cxd5 exd5 10. Bd3 c6 11. g4 h4 12. g5 Ne8 13. Qh5 f5 14. Nf7 Nef6 15. gxf6 Nxf6 16. Nh6+ gxh6 17. Rg1+ Kh8 18. Qxh6+ 1-0

[Event "*** Titled Tuesday Blitz"]
[Site "Chess.com"]
[Date "2020.11.10"]
[Round "11"]
[White "orestn"]
[Black "Semetey"]
[Result "0-1"]
[WhiteElo "2295"]
[BlackElo "2588"]
[TimeControl "180+1"]
[EndTime "12:10:01 PST"]
[Termination "Semetey won by resignation"]

1. e4 e5 2. Nf3 Nc6 3. Bb5 a6 4. Ba4 Nf6 5. O-O Be7 6. Nc3 b5 7. Bb3 O-O 8. a3 d6 9. h3 Be6 10.
Ba2 Qd7 11. d3 d5 12. exd5 Nxd5 13. Re1 Nxc3 14. bxc3 Bxa2 15. Rxa2 Bd6 16. Bb2 Rae8 17. a4 f5 18. axb5 axb5 19. Ra6 e4 20. Nd4 Nxd4 21.
cxd4 exd3 22. cxd3 Rxe1+ 23. Qxe1 Re8 24. Qd1 Qe7 25. Ra1 Qe2 26. Qb3+ Kh8 27. d5 Qe1+ 0-1

[Event "*** Titled Tuesday Blitz"]
[Site "Chess.com"]
[Date "2020.11.10"]
[Round "11"]
[White "MarcoRiehle"]
[Black "azikom"]
[Result "0-1"]
[WhiteElo "2668"]
[BlackElo "2581"]
[TimeControl "180+1"]
[EndTime "12:10:07 PST"]
[Termination "azikom won by resignation"]

1. e4 e5 2. Nf3 Nc6 3. d4 exd4 4. Bc4 d6 5. c3 d3 6. O-O Be6 7. Bxd3 h6 8. Nd4 Bd7 9. Re1 Nf6 10. Nxc6 Bxc6 11.
e5 dxe5 12. Rxe5+ Be7 13. Qe2 Kf8 14. Bf4 Bd6 15. Rf5 g6 16. Bxd6+ Qxd6 17. Re5 Kg7 18. Nd2 Rhe8 19. f4 Rad8 20. Rxe8 Rxe8 21. Qf1 Rd8 22.
Bxg6 fxg6 23. Nb3 Qd3 24. Qe1 Re8 25. Qd1 Qxd1+ 26. Rxd1 Re2 27. Nd4 Rxg2+ 28. Kf1 Rxb2 29. Ne6+ Kf7 30. Nd8+ Ke7 31. Nxc6+ bxc6 32. Re1+ Kd6 33. Rd1+ Ke6 34. Re1+ 0-1

[Event "*** Titled Tuesday Blitz"]
[Site "Chess.com"]
[Date "2020.11.10"]
[Round "11"]
[White "mamonika"]
[Black "Omk124"]
[Result "0-1"]
[WhiteElo "2067"]
[BlackElo "2393"]
[TimeControl "180+1"]
[EndTime "12:10:11 PST"]
[Termination "Omk124 won by checkmate"]

1. d4 Nf6 2. c4 g6 3. Nc3 d5 4. cxd5 Nxd5 5. e4 Nxc3 6. bxc3 Bg7 7. Bc4 c5 8. Be3 Nc6 9. Nf3 Bg4 10. Bxf7+ Kxf7 11.
Ng5+ Ke8 12. Qxg4 cxd4 13. Ne6 Qa5 14. Nxg7+ Kf7 15. Ne6 Qxc3+ 16. Ke2 d3+ 17. Kd1 Qxa1+ 18. Bc1 d2 19. Ng5+ Kg7 20. Kxd2 Rhd8+ 21. Ke3 Qc3+ 22.
Ke2 Qc2+ 23. Ke3 Rd3+ 24. Kf4 Rf8+ 25. Nf7 Rxf7+ 26. Kg5 h6+ 27. Kh4 Qxf2+ 28. g3 g5+ 29. Kh5 Qf6 30. Qe2 Ne5 31. Bxg5 Qxg5# 0-1

[Event "*** Titled Tuesday Blitz"]
[Site "Chess.com"]
[Date "2020.11.10"]
[Round "11"]
[White "AliKa2810"]
[Black "ShimanovAlex"]
[Result "0-1"]
[WhiteElo "2567"]
[BlackElo "2797"]
[TimeControl "180+1"]
[EndTime "12:10:15 PST"]
[Termination "ShimanovAlex won by resignation"]

1. d4 Nc6 2. d5 Ne5 3. e4 d6 4. f4 Ng6 5. Nf3 e6 6. dxe6 fxe6 7. Bc4 Nf6 8. Nc3 c6 9. O-O d5 10. exd5 Bc5+ 11. Kh1 exd5 12. Bd3 O-O 13. Ng5 Ng4 14. Nce4 Be7 15. f5 Rxf5 16. Rxf5 Bxf5 17. Nf6+ Bxf6 18.
Bxf5 Nf2+ 0-1

[Event "*** Titled Tuesday Blitz"]
[Site "Chess.com"]
[Date "2020.11.10"]
[Round "11"]
[White "TheKingDoctor"]
[Black "CraiggoryC"]
[Result "0-1"]
[WhiteElo "2104"]
[BlackElo "2206"]
[TimeControl "180+1"]
[EndTime "12:10:19 PST"]
[Termination "CraiggoryC won by resignation"]

1. e4 e6 2. d4 d5 3. exd5 exd5 4. c4 Bb4+ 5. Nc3 Ne7 6. Nf3 Nbc6 7. Bd3 O-O 8. O-O dxc4 9. Bxc4 Bg4 10. Be3 Nf5 11.
a3 Be7 12. d5 Ne5 13. Be2 Bxf3 14. Bxf3 Nxe3 15. fxe3 Nc4 16. Qe2 Ne5 17. e4 Qd6 18. Kh1 Bf6 19. Rac1 Rfe8 20. Qb5 Nxf3 21. Rxf3 Bxc3 22.
Rfxc3 Rxe4 23. Rxc7 Qxc7 0-1

[Event "*** Titled Tuesday Blitz"]
[Site "Chess.com"]
[Date "2020.11.10"]
[Round "11"]
[White "rududuyk"]
[Black "Kazmin_Dmitrij"]
[Result "1/2-1/2"]
[WhiteElo "2153"]
[BlackElo "2250"]
[TimeControl "180+1"]
[EndTime "12:10:21 PST"]
[Termination "Game drawn by repetition"]

1. e4 e5 2. Nf3 d6 3. d4 exd4 4. Nxd4 Nf6 5. Nc3 Be7 6. Bc4 O-O 7. O-O c6 8. a4 Re8 9. h3 h6 10. Bf4 Bf8 11. Re1 Nbd7 12. Qd2 Ne5 13. Bb3 Ng6 14. Bg3 a5 15. Rad1 Nh5 16. Bh2 Qg5 17. Qxg5 hxg5 18.
Nf3 g4 19. hxg4 Bxg4 20. Bxd6 Bxf3 21. gxf3 Bxd6 22. Rxd6 Ne5 23. Kg2 Rad8 24. Red1 Rxd6 25. Rxd6 Nf4+ 26. Kg3 Nh5+ 27. Kg2 Nf4+ 28. Kg3 Nh5+ 29. Kg2 1/2-1/2

[Event "*** Titled Tuesday Blitz"]
[Site "Chess.com"]
[Date "2020.11.10"]
[Round "11"]
[White "GukeshDommaraju"]
[Black "jefferyx"]
[Result "1-0"]
[WhiteElo "2887"]
[BlackElo "2965"]
[TimeControl "180+1"]
[EndTime "12:10:24 PST"]
[Termination "GukeshDommaraju won by resignation"]

1. d4 Nf6 2. Nf3 d5 3. Bf4 Bf5 4. e3 e6 5. c4 Bxb1 6. Qxb1 Bb4+ 7. Kd1 Ne4 8. Qc2 c6 9. Bd3 f5 10. Ke2 Bd6 11. Ne5 O-O 12. f3 Nf6 13. h3 Nh5 14.
Bh2 Qh4 15. g4 Bxe5 16. Bxe5 Ng3+ 17. Bxg3 Qxg3 18. Rag1 Qh4 19. gxf5 exf5 20. Bxf5 Qf6 21. Bxh7+ Kh8 22. f4 Nd7 23. Rg5 Rae8 24. Bf5 Qxd4 25. Rh5+ Kg8 26. Bh7+ 1-0

[Event "*** Titled Tuesday Blitz"]
[Site "Chess.com"]
[Date "2020.11.10"]
[Round "11"]
[White "Sueetin"]
[Black "keepitcoming"]
[Result "1-0"]
[WhiteElo "2310"]
[BlackElo "2464"]
[TimeControl "180+1"]
[EndTime "12:10:24 PST"]
[Termination "Sueetin won by resignation"]

1. c4 e6 2. d4 d5 3. Nc3 c5 4. cxd5 exd5 5. Nf3 Nc6 6. g3 Nf6 7. Bg2 Be7 8. O-O O-O 9. b3 Ne4 10. Bb2 Bf6 11. e3 Re8 12. Rc1 b6 13. Nxe4 dxe4 14. Nd2 cxd4 15. Rxc6 Bb7 16. Rxf6 Qxf6 17. Bxd4 Qg6 18.
Bh3 Rad8 19. Qg4 Qxg4 20. Bxg4 g6 21. Rc1 f5 22. Be2 Rc8 23. Bc4+ Kf8 24. Rd1 Ke7 25.
Nb1 Red8 26. Nc3 a6 27. a4 Rd7 28. Bxb6 Rxd1+ 29. Nxd1 Kd6 30. Nc3 Kc6 31. a5 Kd6 32. Ne2 Rd8 33. Bxd8 1-0

[Event "*** Titled Tuesday Blitz"]
[Site "Chess.com"]
[Date "2020.11.10"]
[Round "11"]
[White "Qvalda"]
[Black "Ze-Pequeno"]
[Result "1-0"]
[WhiteElo "2434"]
[BlackElo "2277"]
[TimeControl "180+1"]
[EndTime "12:10:32 PST"]
[Termination "Qvalda won on time"]

1. e4 c5 2. c3 Nf6 3. e5 Nd5 4. Nf3 e6 5. g3 d6 6. exd6 Bxd6 7. Bg2 Nc6 8. O-O O-O 9. d4 cxd4 10. Nxd4 Nxd4 11. Qxd4 b6 12. c4 Bc5 13. Qd1 Nc7 14. Bxa8 Nxa8 15. Qxd8 Rxd8 16. Nc3 Bb7 17. Rd1 Rc8 18.
b3 Nc7 19. Be3 Bb4 20. Nb5 Bf3 21. Rd7 Nxb5 22. cxb5 a5 23. bxa6 g5 24. a7 Rc1+ 25.
Rxc1 Bh1 26. Kxh1 1-0

[Event "*** Titled Tuesday Blitz"]
[Site "Chess.com"]
[Date "2020.11.10"]
[Round "11"]
[White "wnstop"]
[Black "djano"]
[Result "1-0"]
[WhiteElo "2697"]
[BlackElo "2480"]
[TimeControl "180+1"]
[EndTime "12:10:33 PST"]
[Termination "wnstop won by resignation"]

1. e4 e5 2. Nf3 Nc6 3. Bc4 Nf6 4. d3 Bc5 5. O-O O-O 6. Re1 a6 7. c3 Na5 8. Nxe5 Nxc4 9. Nxc4 d5 10. exd5 Qxd5 11. Bf4 Bf5 12. Re5 Bxf2+ 13. Kxf2 Ng4+ 14. Qxg4 Qxe5 15. Nxe5 Bxg4 16. Nxg4 c5 17. Be3 Rfd8 18.
d4 cxd4 19. Bxd4 b5 20. Nd2 b4 21. Ne3 a5 22. Ndc4 bxc3 23. bxc3 a4 24. Rb1 Rab8 25. Nb6 a3 26. Rb3 f6 27. Rxa3 h5 28. Rb3 Rb7 29. a4 1-0

[Event "*** Titled Tuesday Blitz"]
[Site "Chess.com"]
[Date "2020.11.10"]
[Round "11"]
[White "Kaslask"]
[Black "Mikasinski"]
[Result "1-0"]
[WhiteElo "2374"]
[BlackElo "2463"]
[TimeControl "180+1"]
[EndTime "12:10:33 PST"]
[Termination "Kaslask won by resignation"]

1. d4 Nf6 2. c4 g6 3. Nc3 Bg7 4. e4 d6 5. Be2 O-O 6. Be3 Na6 7.
Nf3 e5 8. d5 Nc5 9. Qc2 a5 10.
O-O Ng4 11. Bg5 f6 12. Bh4 g5 13. Bg3 f5 14. exf5 Nh6 15. Nd2 Nxf5 16. Nde4 Nd4 17. Qd1 Nxe4 18. Nxe4 Nxe2+ 19. Qxe2 b6 20. Rac1 a4 21.
h3 Bf5 22. f3 h5 23. Rfe1 h4 24. Bf2 Bh6 25. Be3 Bg6 26. Qd2 Bxe4 27. fxe4 Kg7 28. Rf1 Kg6 29. Rxf8 Qxf8 30. Rf1 Qe7 31. Qf2 Rf8 32.
Qe2 Rxf1+ 33. Qxf1 Qf6 34. Qd1 Kf7 35. Qxa4 g4 36. Qd7+ Kg8 37. Qxg4+ Kh8 38. Qh5 Kg7 39. Qxh6+ Qxh6 40. Bxh6+ Kxh6 41. Kf2 Kg5 42. g3 Kf6 1-0

[Event "*** Titled Tuesday Blitz"]
[Site "Chess.com"]
[Date "2020.11.10"]
[Round "11"]
[White "Sergienko_Sergey"]
[Black "PlotnikovPavel"]
[Result "1/2-1/2"]
[WhiteElo "2287"]
[BlackElo "2436"]
[TimeControl "180+1"]
[EndTime "12:10:34 PST"]
[Termination "Game drawn by repetition"]

1. e4 e5 2. Nf3 Nc6 3. Bb5 a6 4. Ba4 Nf6 5. Qe2 d6 6. c3 g6 7. h3 Bg7 8. O-O O-O 9. d3 Nd7 10. Nbd2 Nc5 11. Bc2 Ne6 12. Nc4 f5 13. exf5 gxf5 14.
a4 d5 15. Ncxe5 Nxe5 16. Nxe5 Re8 17. d4 c5 18. Bxf5 Nxd4 19. Bxh7+ Kxh7 20. cxd4 cxd4 21. Qh5+ Kg8 22. Qf7+ Kh7 23. Qh5+ Kg8 24. Qf7+ Kh8 25. Qh5+ Kg8 1/2-1/2

[Event "*** Titled Tuesday Blitz"]
[Site "Chess.com"]
[Date "2020.11.10"]
[Round "11"]
[White "Evachess2006"]
[Black "AntonovaNadezhda"]
[Result "0-1"]
[WhiteElo "1619"]
[BlackElo "2110"]
[TimeControl "180+1"]
[EndTime "12:10:35 PST"]
[Termination "AntonovaNadezhda won on time"]

1. e4 c5 2. c3 d5 3. exd5 Qxd5 4. d4 Nc6 5. Nf3 Bg4 6. Be2 e6 7. h3 Bh5 8. Bf4 Nf6 9. O-O Be7 10. Ne5 Bxe2 11.
Qxe2 cxd4 12. Nxc6 Qxc6 13. cxd4 O-O 14. Nc3 Rfd8 15. Rfd1 a6 16. Rac1 Qd7 17. Be5 Nd5 18.
Nxd5 Qxd5 19. Rc3 Bd6 20. Bxd6 Qxd6 21. Qe3 Rac8 22. Rcd3 Qd5 23. Qf3 Rc2 24. Kf1 Rxb2 0-1

[Event "*** Titled Tuesday Blitz"]
[Site "Chess.com"]
[Date "2020.11.10"]
[Round "11"]
[White "PawnEatingZombie"]
[Black "Boudicca64"]
[Result "1-0"]
[WhiteElo "2147"]
[BlackElo "1846"]
[TimeControl "180+1"]
[EndTime "12:10:37 PST"]
[Termination "PawnEatingZombie won by resignation"]

1. d4 g6 2. e4 Bg7 3. Nc3 c5 4. d5 d6 5. Nf3 Nf6 6. Be2 O-O 7. O-O e6 8. Nd2 a6 9. a4 exd5 10. exd5 Bf5 11. Nc4 Ne4 12. Nxe4 Bxe4 13. Bf4 Qf6 14.
Bg3 Nd7 15. Nxd6 Bf5 16. c3 Ne5 17. Nxf5 Qxf5 18. Qd2 Rfe8 19. Rfe1 Rad8 20. Bf1 c4 21. Rad1 b5 22. axb5 axb5 23. h3 Rd7 24. f4 1-0

[Event "*** Titled Tuesday Blitz"]
[Site "Chess.com"]
[Date "2020.11.10"]
[Round "11"]
[White "NateSolon"]
[Black "Gusarov91"]
[Result "1/2-1/2"]
[WhiteElo "2498"]
[BlackElo "2639"]
[TimeControl "180+1"]
[EndTime "12:10:46 PST"]
[Termination "Game drawn by agreement"]

1. d4 Nf6 2. c4 g6 3. Nc3 d5 4. Bf4 c6 5. e3 Bg7 6. Rc1 O-O 7. Nf3 a6 8. h3 Nbd7 9. cxd5 cxd5 10. Qb3 e6 11. Be2 Ne4 12. O-O Nxc3 13. Rxc3 Qb6 14. Rfc1 Qxb3 15. Rxb3 f6 16. Bd6 Re8 17. Rc7 Nb8 18.
Rbc3 Nc6 19. b4 Rd8 20. Bc5 Rd7 21. Rxd7 Bxd7 22. a4 Rc8 23. b5 axb5 24. axb5 Na5 25.
Ra3 Nc4 26. Ra7 Bxb5 27. Rxb7 Bc6 28. Re7 Re8 29. Rc7 Bb5 30. g4 Nd6 31. Bxb5 Nxb5 32.
Rb7 Nc3 33. Kg2 Ne4 34. Bb4 g5 35. Nd2 Nxd2 36. Bxd2 Bf8 37. Bb4 1/2-1/2

[Event "*** Titled Tuesday Blitz"]
[Site "Chess.com"]
[Date "2020.11.10"]
[Round "11"]
[White "nochewycandy"]
[Black "Harsha_Bharathakoti"]
[Result "0-1"]
[WhiteElo "2527"]
[BlackElo "2777"]
[TimeControl "180+1"]
[EndTime "12:10:46 PST"]
[Termination "Harsha_Bharathakoti won by resignation"]

1. e4 e6 2. Nf3 d5 3. Nc3 Nf6 4. e5 Nfd7 5. d4 c5 6. Bg5 Qb6 7. dxc5 Bxc5 8. Qd2 Nc6 9. O-O-O h6 10. Bf4 g5 11. Bg3 g4 12. Na4 Qb4 13. Nxc5 Qxd2+ 14.
Rxd2 Nxc5 15. Nd4 Ne4 16. Rd1 Nxg3 17. hxg3 Nxe5 18. f4 gxf3 19. gxf3 Bd7 20. f4 Nc6 21. Nf3 Ke7 22. Bd3 Rag8 23. Rdg1 f6 24. Rh5 Be8 25. Rh4 e5 26. fxe5 fxe5 27. Bb5 e4 28. Bxc6 bxc6 29.
Nd4 Bd7 30. b4 Rg6 31. Kd2 Kd6 32. c4 c5 33. bxc5+ Kxc5 34. Nb3+ Kxc4 35. Rc1+ Kb4 36. Nc5 Bb5 37. Rh5 Bc4 38. Nb3 Rxg3 39. Nd4 Rd3+ 0-1

[Event "*** Titled Tuesday Blitz"]
[Site "Chess.com"]
[Date "2020.11.10"]
[Round "11"]
[White "guillembaches"]
[Black "Quiet_Desperation"]
[Result "1-0"]
[WhiteElo "2385"]
[BlackElo "1783"]
[TimeControl "180+1"]
[EndTime "12:10:52 PST"]
[Termination "guillembaches won by resignation"]

1. e4 e6 2. Nf3 d5 3. exd5 exd5 4.
d4 c6 5. Bd3 Bg4 6. O-O Bd6 7.
Re1+ Ne7 8. Bg5 O-O 9. Nbd2 Qc7 10. h3 Bh5 11. c3 Bg6 12. Bxe7 Bxe7 13. Bxg6 hxg6 14.
Ne5 Bd6 15. Ndf3 Nd7 16. Qd2 Nxe5 17. dxe5 Be7 18. Rad1 Rad8 19. b4 a5 20. a3 axb4 21. axb4 Ra8 22. e6 f6 23. Qd3 g5 24. Nd4 Rfe8 25. Qg6 Bd6 26. Nf5 Kh8 27. e7 1-0

[Event "*** Titled Tuesday Blitz"]
[Site "Chess.com"]
[Date "2020.11.10"]
[Round "11"]
[White "Deepweb2020"]
[Black "Ariadna_Atreides"]
[Result "1-0"]
[WhiteElo "2235"]
[BlackElo "2099"]
[TimeControl "180+1"]
[EndTime "12:10:53 PST"]
[Termination "Deepweb2020 won by checkmate"]

1. d4 Nf6 2. c4 e6 3. g3 d5 4. Nf3 Be7 5. Bg2 O-O 6. O-O b6 7. cxd5 exd5 8. Nc3 c6 9. Bf4 a5 10. Rc1 Nbd7 11. Na4 Bb7 12. Ne5 Rc8 13. Qb3 Nxe5 14. Bxe5 Nd7 15. Bf4 b5 16. Nc3 a4 17.
Qc2 c5 18. Nxd5 cxd4 19. Qxc8 Bxc8 20. Rxc8 Qa5 21. Nxe7+ Kh8 22. Rfc1 h6 23. Rxf8+ Nxf8 24. Rc8 Qe1+ 25. Bf1 Qb4 26. Rxf8+ Kh7 27. Rxf7 Qxb2 28. Be5 Qxa2 29. Rxg7+ Kh8 30. Ng6# 1-0

[Event "*** Titled Tuesday Blitz"]
[Site "Chess.com"]
[Date "2020.11.10"]
[Round "11"]
[White "SantoBlue"]
[Black "Barmen_EV"]
[Result "1-0"]
[WhiteElo "2896"]
[BlackElo "2460"]
[TimeControl "180+1"]
[EndTime "12:10:59 PST"]
[Termination "SantoBlue won on time"]

1. d4 d5 2. c4 e6 3. Nf3 Nf6 4.
Nc3 Bb4 5. Bg5 h6 6. Bd2 O-O 7. g4 Bxc3 8. Bxc3 Ne4 9. h4 c5 10. g5 h5 11. Bg2 Nc6 12. O-O dxc4 13. dxc5 Nxc3 14. bxc3 Qa5 15. Nd4 Qxc5 16. Nxc6 bxc6 17. Qd4 Qa5 18. Rfd1 e5 19. Qe3 Bg4 20. Bxc6 Rad8 21.
f3 Bf5 22. Kf2 Qc7 23. Bd5 Rd7 24. Rd2 Rfd8 25. Rad1 Kf8 26. Kg2 Bc2 27. Rxc2 Rxd5 28. Rxd5 Rxd5 29. Rb2 Kg8 30. Qe4 Rd7 31. Rb5 Re7 32. a4 g6 33. a5 a6 34. Rb6 Qc5 35. Rxa6 Qa3 36. Ra8+ Kg7 37. a6 Qa1 38. a7 1-0

[Event "*** Titled Tuesday Blitz"]
[Site "Chess.com"]
[Date "2020.11.10"]
[Round "11"]
[White "DinaBelenkaya"]
[Black "petrkostenko"]
[Result "0-1"]
[WhiteElo "2335"]
[BlackElo "2462"]
[TimeControl "180+1"]
[EndTime "12:10:59 PST"]
[Termination "petrkostenko won by resignation"]

1. e4 e6 2. Qe2 Be7 3. g3 d5 4. e5 c5 5. Bg2 Nc6 6. c3 a5 7. a4 f6 8. f4 Nh6 9. Nf3 c4 10. O-O Qb6+ 11. Kh1 O-O 12. d4 cxd3 13. Qxd3 fxe5 14. fxe5 Ng4 15. Qe2 Bc5 16. h3 Nf2+ 17.
Kh2 Ne4 18. Na3 Bf2 19. Bf4 Rxf4 20. gxf4 Bg3+ 21. Kh1 Bxf4 22. Qe1 Ng3+ 23. Kh2 Nxf1+ 24. Kh1 Ng3+ 25. Kh2 Bd7 26. Nb5 Ne4+ 27. Kh1 Nf2+ 28. Kg1 Nd3+ 29. Kh1 Nxe1 30. Rxe1 Rf8 31. Rd1 Qf2 32. Rf1 Qg3 33. Kg1 Be8 34. Nbd4 Bh5 35. Ne2 Be3+ 36. Kh1 Qg6 37. Nh2 Bxe2 0-1

[Event "*** Titled Tuesday Blitz"]
[Site "Chess.com"]
[Date "2020.11.10"]
[Round "11"]
[White "alejanchess73"]
[Black "MarceloPlaya"]
[Result "1/2-1/2"]
[WhiteElo "2448"]
[BlackElo "2294"]
[TimeControl "180+1"]
[EndTime "12:10:59 PST"]
[Termination "Game drawn by repetition"]

1. d4 e6 2. c4 Nf6 3. Nc3 Bb4 4.
a3 Bxc3+ 5. bxc3 O-O 6. f3 Nh5 7. Nh3 f5 8. Bg5 Qe8 9. e3 d6 10. Bd3 e5 11. O-O f4 12. exf4 Bxh3 13. gxh3 Nxf4 14.
Bxf4 Rxf4 15. Kh1 Nd7 16. Qc2 Qh5 17. Be4 c6 18. Rab1 Qxh3 19. Qg2 Qxg2+ 20. Kxg2 Nf6 21. Rxb7 Nxe4 22. fxe4 Raf8 23. Rxf4 Rxf4 24. c5 dxc5 25.
d5 cxd5 26. exd5 Rf7 27. Rb8+ Rf8 28. Rb7 Rf7 29. Rb8+ Rf8 30. Rb7 Rf7 1/2-1/2

[Event "*** Titled Tuesday Blitz"]
[Site "Chess.com"]
[Date "2020.11.10"]
[Round "11"]
[White "Morshynska"]
[Black "MartinMatthiesen"]
[Result "0-1"]
[WhiteElo "2243"]
[BlackElo "2402"]
[TimeControl "180+1"]
[EndTime "12:11:02 PST"]
[Termination "MartinMatthiesen won by resignation"]

1. Nf3 d5 2. g3 g6 3. d4 Bg7 4.
Bg2 Nf6 5. O-O O-O 6. c4 dxc4 7. Qa4 Nc6 8. Qxc4 Be6 9. Qd3 Bf5 10. Qd1 Ne4 11. e3 e5 12. dxe5 Nxe5 13. Nxe5 Bxe5 14. Nd2 Nxd2 15. Qxd2 Qxd2 16. Bxd2 Bxb2 17. Bxb7 Rab8 18. Bg2 Bxa1 19. Rxa1 Rb1+ 20. Rxb1 Bxb1 21. Bb4 Rd8 22. Bf3 Bxa2 23. h4 Bd5 24. Be2 Rb8 25. Be1 Rb1 26.
Kf1 Bg2+ 27. Kxg2 Rxe1 28. Kf3 a5 29. Bb5 Rb1 30. Bd7 Rb4 31. e4 a4 32. e5 a3 33.
e6 Kf8 0-1

[Event "*** Titled Tuesday Blitz"]
[Site "Chess.com"]
[Date "2020.11.10"]
[Round "11"]
[White "kidagent"]
[Black "No_t_ime_to_die"]
[Result "0-1"]
[WhiteElo "2293"]
[BlackElo "2460"]
[TimeControl "180+1"]
[EndTime "12:11:04 PST"]
[Termination "No_t_ime_to_die won by checkmate"]

1. e4 c5 2. Nf3 Nc6 3. d4 cxd4 4.
Nxd4 g6 5. Nc3 Bg7 6. Be3 Nf6 7. Be2 O-O 8. Nb3 d6 9. O-O a6 10. a4 Be6 11. h3 Ne5 12. Nd2 Rc8 13. f4 Nc4 14. Nxc4 Bxc4 15. Bxc4 Rxc4 16. e5 dxe5 17. fxe5 Ne4 18. Qd3 Qxd3 19. cxd3 Rxc3 20. bxc3 Nxc3 21. d4 Rd8 22. Kh1 Ne2 23. Rfd1 Ng3+ 24. Kh2 Nf5 25. Bf2 Nxd4 26. Bxd4 Rxd4 27. Rxd4 Bxe5+ 28. g3 Bxd4 29. Rb1 b6 30. Kg2 e5 31. Kf3 f5 32. Rc1 Kf7 33.
Rc7+ Ke6 34. Rxh7 Kd5 35. Rg7 e4+ 36. Kf4 Bxg7 37. h4 Bh6# 0-1

[Event "*** Titled Tuesday Blitz"]
[Site "Chess.com"]
[Date "2020.11.10"]
[Round "11"]
[White "hansen"]
[Black "ChessWarrior7197"]
[Result "1-0"]
[WhiteElo "2914"]
[BlackElo "2995"]
[TimeControl "180+1"]
[EndTime "12:11:06 PST"]
[Termination "hansen won by resignation"]

1. e4 c6 2. Nc3 d5 3. Nf3 dxe4 4. Nxe4 Nf6 5. d3 g6 6. Be2 Bg7 7. O-O O-O 8. Re1 a5 9. c3 a4 10. Qc2 a3 11. b4 Na6 12. Bg5 Nc7 13. Rad1 Bf5 14.
Nd4 Bd7 15. Nc5 b6 16. Nxd7 Qxd7 17. Bf3 Ncd5 18. Qb3 e6 19. c4 Ne7 20. Nc2 h6 21. Bc1 Qa7 22. b5 Rac8 23. Nd4 c5 24. Nc6 Qd7 25. d4 Nxc6 26. bxc6 Qa7 27. d5 Rfd8 28. d6 Bf8 29. Bf4 g5 30. Be5 g4 31. Bxf6 1-0

[Event "*** Titled Tuesday Blitz"]
[Site "Chess.com"]
[Date "2020.11.10"]
[Round "11"]
[White "chito89"]
[Black "Meri-Arabidze"]
[Result "1-0"]
[WhiteElo "2831"]
[BlackElo "2619"]
[TimeControl "180+1"]
[EndTime "12:11:08 PST"]
[Termination "chito89 won by resignation"]

1. d4 d5 2. c4 e6 3. Nc3 Nf6 4. Nf3 Nbd7 5. Bg5 Be7 6. e3 h6 7. Bh4 O-O 8. Rc1 c5 9. cxd5 Nxd5 10. Bxe7 Qxe7 11. Nxd5 exd5 12. dxc5 Nxc5 13. Qxd5 Ne4 14. a3 Re8 15. Bb5 Nxf2 16. Kxf2 Qxe3+ 17. Kg3 Re4 18. Qd2 Rg4+ 19. Kh3 Qe6 20. Rxc8+ Rxc8 21. Bd7 Qg6 22.
Bxg4 Rf8 23. Ne5 Qf6 24. Nd7 1-0

[Event "*** Titled Tuesday Blitz"]
[Site "Chess.com"]
[Date "2020.11.10"]
[Round "11"]
[White "cottage_cheese"]
[Black "ailime26"]
[Result "1-0"]
[WhiteElo "2168"]
[BlackElo "1975"]
[TimeControl "180+1"]
[EndTime "12:11:09 PST"]
[Termination "cottage_cheese won by resignation"]

1. e4 c5 2. Nf3 Nc6 3. Bb5 g6 4. Bxc6 bxc6 5. O-O Bg7 6. Re1 d5 7. Qe2 e6 8. d3 Ne7 9. c3 O-O 10. Be3 c4 11. d4 dxe4 12. Nfd2 f5 13. Nxc4 Nd5 14.
Bd2 Ba6 15. Nba3 Rb8 16. f3 Rxb2 17. fxe4 fxe4 18. Qxe4 Re8 19. Nxb2 Qb8 20. Nac4 Nf6 21. Qxc6 Bb5 22. Qd6 Qc8 23. Qb4 a6 24. Nd6 1-0

[Event "*** Titled Tuesday Blitz"]
[Site "Chess.com"]
[Date "2020.11.10"]
[Round "11"]
[White "AnishOnYoutube"]
[Black "Grandelicious"]
[Result "1-0"]
[WhiteElo "2973"]
[BlackElo "2805"]
[TimeControl "180+1"]
[EndTime "12:11:15 PST"]
[Termination "AnishOnYoutube won on time"]

1. d4 d5 2. c4 e6 3. Nf3 a6 4.
Bg5 Be7 5. Bxe7 Nxe7 6. Nbd2 O-O 7. g3 b6 8. cxd5 exd5 9. Bg2 Nd7 10. O-O Nf6 11. Rc1 Bf5 12. b4 Qd6 13. Qb3 Rfc8 14. e3 a5 15. b5 a4 16. Qb2 Bd3 17. Rfe1 Ra5 18. Bh3 Rca8 19. Qc3 Bxb5 20. Qxc7 Qxc7 21. Rxc7 R5a7 22. Rec1 Kf8 23. Ne5 Ne8 24. Rxa7 Rxa7 25.
Nb1 Nd6 26. Na3 Be8 27. Bf1 f6 28. Nd3 b5 29. Nb4 Nc4 30. Bxc4 bxc4 31. Nb1 Rb7 32.
a3 Bf7 33. Nc3 Ra7 34. Rb1 g5 35. Nba2 Bg6 36. Rb6 Kf7 37. Nb4 1-0

[Event "*** Titled Tuesday Blitz"]
[Site "Chess.com"]
[Date "2020.11.10"]
[Round "11"]
[White "sokidze"]
[Black "yourstrulyme"]
[Result "1-0"]
[WhiteElo "2545"]
[BlackElo "2376"]
[TimeControl "180+1"]
[EndTime "12:11:21 PST"]
[Termination "sokidze won by resignation"]

1. e4 Nf6 2. e5 Nd5 3. d4 d6 4. c4 Nb6 5. exd6 cxd6 6. Nc3 g6 7. Be3 Bg7 8. Rc1 O-O 9. b3 e5 10. dxe5 dxe5 11. c5 N6d7 12. Nf3 Nc6 13. Bc4 Qa5 14. O-O Nxc5 15. Nb5 Rd8 16. Qe2 Nd4 17. Bxd4 exd4 18. Qe7 Ne6 19. Nd6 Rf8 20. Nxc8 Raxc8 21. Bxe6 Rxc1 22.
Rxc1 fxe6 23. Rc7 Qxc7 24. Qxc7 e5 25. Nxe5 1-0

[Event "*** Titled Tuesday Blitz"]
[Site "Chess.com"]
[Date "2020.11.10"]
[Round "11"]
[White "Ave_Mariia"]
[Black "fabianvivasz"]
[Result "1-0"]
[WhiteElo "2512"]
[BlackElo "2388"]
[TimeControl "180+1"]
[EndTime "12:11:25 PST"]
[Termination "Ave_Mariia won on time"]

1. d4 Nf6 2. c4 c5 3. d5 b5 4. cxb5 a6 5. bxa6 g6 6. Nc3 Bg7 7. Nf3 O-O 8. g3 Bxa6 9. Bg2 d6 10. Rb1 Nbd7 11. O-O Qa5 12. Qc2 Bc4 13. Nd2 Ba6 14. b3 Rfc8 15. a3 Ng4 16. Bb2 f5 17. h3 Ngf6 18.
Nf3 Rab8 19. Rfd1 Bb7 20. e4 Nxe4 21. Nxe4 fxe4 22. Qxe4 Bxb2 23. Rxb2 Qxa3 24. Qe6+ Kh8 25. Rbb1 Nf6 26. Ng5 Rc7 27. Qf7 1-0

[Event "*** Titled Tuesday Blitz"]
[Site "Chess.com"]
[Date "2020.11.10"]
[Round "11"]
[White "Nikithebest"]
[Black "northridgehawk"]
[Result "1-0"]
[WhiteElo "2450"]
[BlackElo "2289"]
[TimeControl "180+1"]
[EndTime "12:11:25 PST"]
[Termination "Nikithebest won by checkmate"]

1. e4 e5 2. Nf3 Nc6 3. Nc3 Nf6 4. d4 exd4 5. Nxd4 Bb4 6. Nxc6 bxc6 7. Bd3 d5 8. exd5 cxd5 9. O-O O-O 10. h3 c6 11.
Qf3 Bd6 12. Bf4 Rb8 13. b3 Re8 14. Na4 Qc7 15. Bxd6 Qxd6 16. Rfd1 h5 17. c4 d4 18.
c5 Qc7 19. Bc4 Re5 20. Rxd4 Rg5 21. Rad1 Bf5 22. Qe3 Rg6 23. Rd6 Re8 24. Qf4 Bxh3 25. Rxf6 Rxg2+ 26. Kh1 Qe7 27. Bxf7+ Kh8 28. Rh6+ gxh6 29.
Qxh6# 1-0